 Dungeon Crawl Stone Soup version 0.17-a0-1435-geafbe2f (webtiles) character file.

2457 urechis the Cruncher (level 9, -17/71 HPs)
             Began as a Minotaur Gladiator on June 26, 2015.
             Was a Believer of Trog.
             Demolished by an orc warrior
             ... wielding a cursed -2 scimitar
              (19 damage)
             ... on level 7 of the Dungeon.
             The game lasted 00:11:53 (4696 turns).

urechis the Cruncher (Minotaur Gladiator)           Turns: 4696, Time: 00:11:54

Health: -17/71     AC: 17    Str: 21    XL:     9   Next: 26%
Magic:  8/8        EV:  9    Int:  5    God:    Trog [**....]
Gold:   299        SH:  0    Dex: 13    Spells: 0 memorised, 8 levels left

rFire  + . .     SeeInvis .     b - +4 quarterstaff (chaos)
rCold  . . .     Clarity  .     y - +0 chain mail {rF+}
rNeg   . . .     SustAt   .     (no shield)
rPois  .         Gourm    .     c - +0 hat
rElec  .         Spirit   .     v - +2 cloak
rCorr  .         Warding  .     (no gloves)
rMut   .         Stasis   .     (no boots)
MR     ++...                    (no amulet)
Stlth  ..........               (no ring)
                                q - +3 ring of protection

@: exhausted, regenerating, slowed, very slow, very resistant to hostile
enchantments, extremely unstealthy
A: retaliatory headbutt, horns 2
a: Burn Spellbooks, Berserk, Trog's Hand, Renounce Religion


You were on level 7 of the Dungeon.
You worshipped Trog.
Trog was pleased with you.
You were not hungry.

You visited 2 branches of the dungeon, and saw 8 of its levels.

You collected 299 gold pieces.

Inventory:

Hand weapons
 b - a +4 quarterstaff of chaos (weapon)
Missiles
 d - 5 throwing nets (quivered)
Armour
 c - a +0 hat (worn)
 v - a +2 cloak (worn)
 y - a +0 chain mail of fire resistance (worn)
Jewellery
 q - a +3 ring of protection (left hand)
 H - an uncursed ring of stealth {unknown}
 I - a cursed ring of loudness {unknown}
Magical devices
 t - a wand of paralysis (14)
 B - a wand of teleportation (5)
Scrolls
 g - 11 scrolls of identify {unknown}
 h - 4 scrolls of remove curse {unknown}
 n - a scroll of enchant weapon {unknown}
 o - 2 scrolls of enchant armour {unknown}
 p - 2 scrolls of magic mapping {unknown}
 s - 6 scrolls of teleportation {unknown}
 u - a scroll of noise {unknown}
 x - a scroll of amnesia {unknown}
 z - a scroll of brand weapon {unknown}
 C - a scroll of blinking {unknown}
 D - 2 scrolls of fog {unknown}
 E - a scroll of holy word {unknown}
 F - a scroll of torment {unknown}
Potions
 a - a potion of curing {unknown}
 i - 2 potions of heal wounds {unknown}
 j - 2 potions of flight {unknown}
 k - a potion of magic {unknown}
 l - 3 potions of might {unknown}
 m - a potion of invisibility {unknown}
 A - a potion of mutation {unknown}
Books
 r - a book of Annihilations

   Spells                             Type                      Level
   a - Poison Arrow                   Conjuration/Poison           6
   b - Chain Lightning                Conjuration/Air              8
   c - Lehudib's Crystal Spear        Conjuration/Earth            8
   d - Glaciate                       Conjuration/Ice              9
   e - Fire Storm                     Conjuration/Fire             9
   Trog disapproves of the use of such an item.
Comestibles
 e - 6 bread rations
 f - 4 fruits
 w - a meat ration


   Skills:
 + Level 4.2 Fighting
 + Level 11.6 Staves
 - Level 2.0 Throwing
 - Level 9.0 Armour
 - Level 3.5 Dodging


You had 8 spell levels left.
You didn't know any spells.

Dungeon Overview and Level Annotations

Branches:
Dungeon (7/15)             Temple (1/1) D:4

Altars:
Ashenzari
Cheibriados
Dithmenos
Elyvilon
Fedhas
Gozag
Kikubaaqudgha
Makhleb
Nemelex Xobeh
Okawaru
Qazlal
Ru
Sif Muna
Trog
Vehumet
Xom
Yredelemnul
Zin
The Shining One

Shops:
D:4 (


Innate Abilities, Weirdness & Mutations

You reflexively headbutt those who attack you in melee.
You have a pair of horns on your head.


Message History

You drain the orc warrior!
The orc warrior is moderately wounded.
The orc warrior closely misses you.
You hit the orc warrior.
The orc warrior seems to speed up.
You headbutt the orc warrior.
The orc warrior is moderately wounded.
The orc warrior hits you with a scimitar.
* * * LOW HITPOINT WARNING * * *
You hit the orc warrior.
The orc warrior goes berserk!
You headbutt the orc warrior.
The orc warrior is heavily wounded.
The orc warrior barely misses you.
The orc warrior hits you with a scimitar!
* * * LOW HITPOINT WARNING * * *
Use which ability? (? or * to list)
Your skin crawls.
You feel resistant to hostile enchantments.
You feel slightly more hungry.
The orc warrior hits you with a scimitar!!
You die...

#...# ##...###......
....# ###..#######.
..oo ##....###.. .#
#>.## ####...... .[y#
#.o# ####...
.gh†.#..#### ##.. #.#
#.......#### ###
....[####(......######
#..)@o............###
######....######....#
#....# #..... #....#
###### #....# ######


You could see an orc warrior (berserk).

Vanquished Creatures
  Prince Ribbit (D:7)
  Edmund (D:4)
  An orc warrior (D:6)
  2 phantoms
  A crocodile (D:7)
  A centaur (D:6)
  4 ogres
  2 giant frogs
  A killer bee (D:7)
  An orc priest (D:7)
  A centaur skeleton (D:4)
  Crazy Yiuf (D:2)
  5 hounds
  Terence (D:3)
  5 orc wizards
  3 worker ants
  2 iguanas
  A quasit (D:6)
  A worker ant zombie (D:6)
  5 gnolls
  5 adders
  An ooze (D:3)
  3 worms
  4 giant geckos
  18 orcs
  5 ball pythons
  8 bats
  A bat zombie (D:5)
  6 giant cockroaches
  9 goblins
  16 hobgoblins
  4 jackals (D:5)
  14 kobolds
  2 quokkas
  3 giant newts
  A jackal zombie (D:7)
  A quokka skeleton (D:4)
  10 rats
151 creatures vanquished.

Vanquished Creatures (collateral kills)
  A gnoll (D:5)
1 creature vanquished.

Vanquished Creatures (others)
  Pikel (D:7)
  4 slaves (D:7)
  An orc (D:7)
  2 jackals (D:7)
  A quokka skeleton (D:7)
9 creatures vanquished.

Grand Total: 161 creatures vanquished

Notes
Turn   | Place    | Note
--------------------------------------------------------------
     0 | D:1      | urechis the Minotaur Gladiator began the quest for the Orb.
     0 | D:1      | Reached XP level 1. HP: 18/18 MP: 0/0
   150 | D:1      | Reached skill level 4 in Staves
   150 | D:1      | Reached XP level 2. HP: 25/25 MP: 1/1
   935 | D:2      | You fall through a shaft!
   953 | D:3      | Reached XP level 3. HP: 30/30 MP: 2/2
   994 | D:3      | Reached skill level 5 in Staves
  1179 | D:2      | Noticed Crazy Yiuf
  1187 | D:2      | Killed Crazy Yiuf
  1187 | D:2      | Reached XP level 4. HP: 4/37 MP: 3/3
  1822 | D:3      | Noticed Terence
  1829 | D:3      | Killed Terence
  1829 | D:3      | Reached skill level 6 in Staves
  1933 | D:3      | Reached skill level 1 in Armour
  1941 | D:3      | Reached XP level 5. HP: 36/42 MP: 4/4
  2245 | D:4      | Reached skill level 7 in Staves
  2482 | D:4      | Found a snail-covered altar of Cheibriados.
  2483 | D:4      | Found a sacrificial altar of Ru.
  2501 | D:4      | Reached XP level 6. HP: 42/50 MP: 5/5
  2596 | D:4      | Found a staircase to the Ecumenical Temple.
  2602 | Temple   | Entered the Ecumenical Temple
  2611 | Temple   | Became a worshipper of Trog the Wrathful
  2655 | D:4      | Noticed Edmund
  2666 | D:4      | Killed Edmund
  2726 | D:4      | Found Inetiuq's Weapon Shoppe.
  3055 | D:5      | Entered Level 5 of the Dungeon
  3146 | D:5      | Reached skill level 8 in Staves
  3219 | D:5      | Reached XP level 7. HP: 45/56 MP: 6/6
  3402 | D:5      | Reached skill level 5 in Armour
  3808 | D:6      | Reached skill level 9 in Staves
  3853 | D:6      | Acquired Trog's first power
  3853 | D:6      | Reached XP level 8. HP: 32/62 MP: 7/7
  4144 | D:6      | Found a sparkling altar of Nemelex Xobeh.
  4215 | D:6      | Found a radiant altar of Vehumet.
  4381 | D:6      | Reached skill level 10 in Staves
  4616 | D:7      | Noticed Prince Ribbit
  4628 | D:7      | Noticed Pikel
  4634 | D:7      | Acquired Trog's second power
  4643 | D:7      | Killed Pikel
  4652 | D:7      | Reached skill level 11 in Staves
  4664 | D:7      | Reached XP level 9. HP: 17/68 MP: 8/8
  4673 | D:7      | Killed Prince Ribbit
  4695 | D:7      | HP: 1/71 [orc warrior/scimitar (10)]
  4696 | D:7      | Demolished by an orc warrior

Vault maps used:
D:1:      sevenhm_arrival_forest_fort_large_3, hangedman_decor_growths
D:2:      serial_forest, infiniplex_forest_lined_3, infiniplex_forest_lined_1,
          infiniplex_forest_end_3, infiniplex_forest_straight_3,
          infiniplex_forest_corner_1, infiniplex_forest_pool,
          infiniplex_forest_clump_long, infiniplex_forest_lined_room_3,
          first_bread, uniq_crazy_yiuf_cottage
D:3:      guppyfry_early_orc_mine, uniq_terence
D:4:      gammafunk_temple_overflow_statue, temple_green, serial_shops,
          kennysheep_mini, uniq_edmund
D:6:      nemelex_deck, lemuel_round_altar
D:7:      uniq_pikel, uniq_prince_ribbit1
Temple:   nicolae_temple_no_exploring_needed

Action                   |  1- 3 |  4- 6 |  7- 9 || total
-------------------------+-------+-------+-------++-------
Melee: Quarterstaff      |    76 |   107 |   159 ||   342
Invok: Trog's Hand       |       |       |     3 ||     3
       Berserk           |       |       |     1 ||     1
 Stab: Paralysed         |       |       |     3 ||     3
       Petrifying        |       |       |     1 ||     1
  Eat: Chunk             |     1 |     4 |     4 ||     9
       Beef jerky        |       |     1 |       ||     1
       Meat ration       |       |       |     1 ||     1
